 Dungeon Crawl Stone Soup version 0.22.0-75-g3901e79 (webtiles) character file.

1344 robertstho the Ruffian (level 8, -2/112 HPs)
             Began as a Troll Berserker on Sept 11, 2018.
             Was an Elder of Trog.
             Slain by a wight
             ... wielding a cursed +0 flail
              (6 damage)
             ... on level 6 of the Dungeon.
             The game lasted 00:06:35 (3970 turns).

robertstho the Ruffian (Troll Berserker)            Turns: 3970, Time: 00:06:36

Health: -2/112     AC:  5    Str: 31    XL:     8   Next: 36%
Magic:  7/7        EV:  5    Int:  3    God:    Trog [****..]
Gold:   121        SH: 13    Dex: 11    Spells: 7/7 levels left

rFire    + . .     SeeInvis .     - Unarmed
rCold    + . .     Gourm    +   D - +0 large shield
rNeg     . . .     Faith    .   b - +0 animal skin
rPois    .         Spirit   .   (helmet restricted)
rElec    .         Reflect  .   (no cloak)
rCorr    .         Harm     .   (gloves unavailable)
MR       .....                  (boots unavailable)
Stlth    ..........             (no amulet)
HPRegen  0.68/turn              A - ring of protection from cold
MPRegen  0.10/turn              x - ring of protection from fire

@: berserking (expiring), drained, very quick
A: large, unfitting armour, claws 3, fast metabolism 3, gourmand, regeneration
1, shaggy fur 1, tough skin 2
a: Berserk, Trog's Hand, Brothers in Arms, Renounce Religion


You were on level 6 of the Dungeon.
You worshipped Trog.
Trog was greatly pleased with you.
You were very full.

You visited 1 branch of the dungeon, and saw 6 of its levels.

You collected 315 gold pieces.
You spent 194 gold pieces at shops.

Inventory:

Hand Weapons
 a - a +0 hand axe
 g - a +1 vampiric spear
 q - a +0 giant spiked club
 w - a cursed -3 trident
 y - a cursed -3 whip
Armour
 b - a +0 animal skin (worn)
 D - a +0 large shield (worn)
Jewellery
 s - an uncursed ring of flight
 x - a ring of protection from fire (right claw)
 A - a ring of protection from cold (left claw)
 G - an uncursed ring of ice {unknown}
 I - an uncursed amulet of harm {unknown}
Wands
 H - a wand of digging (5)
Scrolls
 h - a scroll of blinking {unknown}
 j - 4 scrolls of teleportation {unknown}
 l - 3 scrolls of magic mapping
 m - a scroll of enchant armour {unknown}
 p - 3 scrolls of enchant weapon {unknown}
 r - 4 scrolls of remove curse
 v - 2 scrolls of fear {unknown}
 z - a scroll of fog {unknown}
 B - a scroll of random uselessness
 C - a scroll of amnesia
 E - a scroll of identify
Potions
 d - a potion of brilliance {unknown}
 e - 2 potions of invisibility {unknown}
 f - a potion of resistance {unknown}
 i - 2 potions of magic {unknown}
 k - a potion of ambrosia {unknown}
 n - 3 potions of curing
 o - 2 potions of lignification
 t - a potion of might
 u - 4 potions of flight
Comestibles
 c - 9 rations


   Skills:
 + Level 3.1(2.2) Fighting
 - Level 2.4(1.4) Axes
 * Level 2.8(1.8) Armour
 + Level 4.0(3.0) Dodging
 + Level 0.7(0.0) Stealth
 + Level 1.0(0.1) Shields
 * Level 7.9(6.8) Unarmed Combat


You had 7 spell levels left.
You didn't know any spells.
Your spell library was empty.

Dungeon Overview and Level Annotations

Branches:
Dungeon (6/15)
 Temple: D:4-7

Altars:
Makhleb

Shops:
D:4 ?

Annotations:
D:4 scroll shop


Innate Abilities, Weirdness & Mutations

You are too large for most types of armour.
You have claws for hands.
Your metabolism is lightning-fast.
You like to eat raw meat.
Your natural rate of healing is unusually fast.
You are covered in fur. (AC +1)
You have very tough skin. (AC +2)


Message History

You block the wight's attack.
You scratch the wight.
The wight is lightly damaged.
You block the wight's attack. x2
You mangle the wight!!
You destroy the wight!
Trog accepts your kill.
You can now call in reinforcements.
Your base Shields skill increases to level 1!
You block the wight's attack.
You claw the wight!
The wight is almost destroyed.
The wight hits you with a flail!
* * * LOW HITPOINT WARNING * * *
You block the wight's attack.
You barely miss the wight.
The wight is almost destroyed.
You closely miss the wight.
The wight is almost destroyed.
The wight hits you with a flail.
You die...

.. #. ... #.
.... #.
....##.#######.
.............
..z........
#z).......
#)@.# #...#
#...# #.#.#
#.#.# ..#.#.#
#.#.#.# #.#.#.#
#.#.#.#


You could see 2 wights.

Vanquished Creatures
  An orc warrior (D:6)
  An ogre (D:5)
  2 centaurs
  A scorpion (D:4)
  3 wights (D:6)
  A howler monkey (D:4)
  A hound (D:5)
  2 centaur skeletons (D:4)
  5 orc priests
  A gnoll shaman (D:4)
  A jelly (D:5)
  3 orc wizards
  Jessica (D:3)
  8 worker ants
  9 adders
  A shadow imp (D:6)
  An adder skeleton (D:6)
  2 worms (D:2)
  A dart slug (D:1)
  3 leopard geckos
  18 orcs
  3 ball pythons
  5 giant cockroaches
  6 goblins
  6 hobgoblins
  11 jackals
  2 quokkas (D:3)
  2 bats
  5 frilled lizards
  5 kobolds
  A quokka skeleton (D:4)
  9 rats
121 creatures vanquished.

Notes
Turn   | Place    | Note
-------+----------+-------------------------------------------
     0 | D:1      | robertstho the Troll Berserker began the quest for the Orb.
     0 | D:1      | Reached XP level 1. HP: 22/22 MP: 0/0
    95 | D:1      | Reached XP level 2. HP: 29/29 MP: 1/1
   821 | D:2      | Reached skill level 1 in Unarmed Combat
   821 | D:2      | Reached XP level 3. HP: 36/36 MP: 2/2
  1203 | D:2      | Reached skill level 1 in Armour
  1246 | D:2      | Reached ** piety under Trog
  1554 | D:3      | Reached skill level 2 in Unarmed Combat
  1589 | D:3      | Reached XP level 4. HP: 44/44 MP: 3/3
  1861 | D:3      | Noticed Jessica
  1865 | D:3      | Killed Jessica
  1865 | D:3      | Reached skill level 3 in Unarmed Combat
  1865 | D:3      | Reached XP level 5. HP: 50/50 MP: 4/4
  2128 | D:4      | Noticed a centaur
  2141 | D:4      | Killed a centaur
  2141 | D:4      | Reached skill level 4 in Unarmed Combat
  2141 | D:4      | Reached XP level 6. HP: 28/59 MP: 5/5
  2155 | D:4      | Reached *** piety under Trog
  2285 | D:4      | Reached skill level 5 in Unarmed Combat
  2365 | D:4      | Found Zeezic's Magic Scroll Shop.
  2372 | D:4      | Bought a scroll of identify for 26 gold pieces
  2372 | D:4      | Bought a scroll of remove curse for 39 gold pieces
  2372 | D:4      | Bought a scroll of random uselessness for 13 gold pieces
  2372 | D:4      | Bought a scroll of magic mapping for 45 gold pieces
  2372 | D:4      | Bought a scroll of identify for 26 gold pieces
  2372 | D:4      | Bought a scroll of amnesia for 45 gold pieces
  2578 | D:4      | Reached XP level 7. HP: 66/66 MP: 6/6
  2756 | D:4      | Found a burning altar of Makhleb.
  2827 | D:5      | Entered Level 5 of the Dungeon
  2834 | D:5      | Reached skill level 6 in Unarmed Combat
  3088 | D:5      | Reached skill level 7 in Unarmed Combat
  3205 | D:5      | Reached XP level 8. HP: 66/75 MP: 7/7
  3967 | D:6      | Reached **** piety under Trog
  3967 | D:6      | Reached skill level 1 in Shields
  3968 | D:6      | HP: 3/112 [wight/flail (14)]
  3970 | D:6      | Slain by a wight

Skill      XL: |  1  2  3  4  5  6  7  8 |
---------------+-------------------------+-----
Unarmed Combat | 1 2 3 4 5 7 |  7.9
Armour         | 1 2 |  2.8
Dodging        | 3 4 |  4.0
Fighting       | 3 |  3.1
Shields        | 1 |  1.0
Axes           | |  2.4
Stealth        | |  0.7

Action                   |  1- 3 |  4- 6 |  7- 9 || total
-------------------------+-------+-------+-------++-------
Melee: Unarmed           |   118 |   106 |   120 ||   344
       Punch             |       |     3 |     1 ||     4
Invok: Berserk           |     1 |     1 |     2 ||     4
       Trog's Hand       |       |     2 |     1 ||     3
  Use: Scroll            |       |     4 |       ||     4
 Stab: Sleeping          |     3 |     2 |     1 ||     6
  Eat: Chunk             |    21 |    10 |    14 ||    45
Armor: Animal skin       |    53 |    22 |    26 ||   101
Dodge: Dodged            |    70 |    67 |    24 ||   161
Block: Large shield      |       |       |    66 ||    66
